AoeStats
← Lockhart

Four Lakes

508334339Analyzed
1v1 RM · 10d ago on Sep 22, 2026· 33m 21s· 2 players
Game mode
Random Map
Map size
Tiny (2 player)
Population
200
Speed
Normal
Resources
Standard
Victory
Conquest
Starting age
Dark Age
Ending age
Imperial Age
RankedLock teamsTeams togetherTeam positionsShared explorationLock speedFull tech treeHidden civsTurbo modeCheats
Victory
Defeat
🇦🇷 Bulgarians · Argentina
1275
+16
🇺🇸 Poles · United States
1265
-16
Lockhart
4:49 Loom
12:36 Feudal Age
13:24 Man-at-Arms
14:03 Double-Bit Axe
13:59 Horse Collar
14:38 Scale Mail Armor
16:40 Forging
21:19 Castle Age
21:23 Long Swordsman
25:32 Chain Mail Armor
26:11 Fletching
27:00 Squires
29:00 Iron Casting
N:A:S
8:11 Loom
10:03 Feudal Age
10:51 Double-Bit Axe
12:07 Horse Collar
16:26 Forging
16:43 Scale Barding Armor
16:40 Scale Mail Armor
18:19 Gold Mining
24:34 Horse Collar
28:20 Castle Age
28:41 Wheelbarrow
29:28 Chain Mail Armor
29:21 Squires
30:05 Scale Barding Armor
30:42 Gold Shaft Mining
31:08 Iron Casting
31:28 Gambesons
31:32 Arson
Connection lost

Rejoining the realm…

Still unreachable

The connection could not be restored.

Session expired

The server has moved on; the page needs a fresh start.